 Dungeon Crawl Stone Soup version 0.31.0-9-g3a7656b989 (webtiles) character file.

Game seed: 14249884007169942963

2230 Majang the Ruffian (level 9, -5/68 HPs)
             Began as a Gnoll Shapeshifter on Jan 30, 2024.
             Was an Initiate of Cheibriados.
             Slain by a gnoll
             ... wielding a +0 halberd
              (11 damage)
             ... in a bailey.
             The game lasted 00:45:02 (7223 turns).

Majang the Ruffian (Gnoll Shapeshifter)             Turns: 7223, Time: 00:45:03

Health: -5/68      AC: 10    Str: 19    XL:     9   Next: 36%
Magic:  17/17      EV: 12    Int: 16    God:    Cheibriados [......]
Gold:   219        SH:  0    Dex: 13    Spells: 13/19 levels left

rFire   . . .        a - +7 Throatcutter {drain, coup de grace}
rCold   . . .        t - +0 kite shield
rNeg    . . .        G - +0 swamp dragon scales
rPois   +            (no helmet)
rElec   .            (no cloak)
rCorr   +            i - +1 pair of gloves
SInv    .            (no boots)
Will    .....        w - amulet of regeneration
Stlth   +            r - +6 ring of intelligence
HPRegen 1.11/turn    H - ring of resist corrosion
MPRegen 0.15/turn

%: no passive effects
@: confused, ambrosia-drunk, weakened, studying Spellcasting, very slow
A: fangs 1, strong nose, distributed training
a: Renounce Religion


You were in a bailey.
You worshipped Cheibriados.
Cheibriados was noncommittal.
You visited 2 branches of the dungeon, and saw 8 of its levels.
You also visited: Sewer and Bailey.

You collected 219 gold pieces.

Inventory:

Hand Weapons
 a - the +7 Throatcutter (weapon) {drain, coup de grace}
   (You took it off a gnoll on level 6 of the Dungeon)
 b - a +0 sling
 x - a +0 shortbow of electrocution
 O - a +2 whip of freezing
Missiles
 z - 5 boomerangs (quivered)
 A - 10 poisoned darts
 M - a throwing net
Armour
 e - a +0 plate armour
 i - a +1 pair of gloves (worn)
 t - a +0 kite shield (worn)
 G - +0 swamp dragon scales (worn)
Magical Staves
 n - a staff of fire
Jewellery
 f - a ring of poison resistance
 r - a +6 ring of intelligence (left hand)
 w - an amulet of regeneration (around neck)
 B - an amulet of faith
 E - an amulet of the acrobat
 H - a ring of resist corrosion (right hand)
Talismans
 c - a beast talisman
 d - a flux talisman
Wands
 h - a wand of charming (11)
 u - a wand of polymorph (1)
 C - a wand of quicksilver (1)
 F - a wand of flame (30)
 L - a wand of roots (7)
Scrolls
 g - 2 scrolls of fog
 j - 4 scrolls of teleportation
 k - a scroll of amnesia
 p - 2 scrolls of enchant armour
 y - a scroll of noise
 D - 2 scrolls of identify {unknown}
 K - a scroll of acquirement {unknown}
 N - a scroll of silence {unknown}
Potions
 l - 4 potions of lignification
 m - 2 potions of curing
 o - a potion of ambrosia
 q - 2 potions of mutation {unknown}
 s - 2 potions of heal wounds {unknown}
 v - a potion of attraction {unknown}
 I - a potion of invisibility {unknown}
 J - a potion of might {unknown}


   Skills:
 + Level 5.1 Fighting
 + Level 4.3 Short Blades
 + Level 4.3 Long Blades
 + Level 4.3 Axes
 + Level 4.3 Maces & Flails
 + Level 4.3 Polearms
 + Level 4.3 Staves
 + Level 4.3 Ranged Weapons
 + Level 4.3 Throwing
 + Level 4.3 Armour
 + Level 6.4 Dodging
 + Level 4.3 Stealth
 + Level 4.3 Shields
 + Level 7.9 Unarmed Combat
 + Level 5.9 Spellcasting
 + Level 3.5 Conjurations
 + Level 3.5 Hexes
 + Level 3.5 Summonings
 + Level 3.5 Necromancy
 + Level 3.5 Translocations
 + Level 3.5 Fire Magic
 + Level 3.5 Ice Magic
 + Level 3.5 Air Magic
 + Level 3.5 Earth Magic
 + Level 3.5 Alchemy
 + Level 4.8 Invocations
 + Level 4.3 Evocations
 + Level 7.7 Shapeshifting


You had 13 spell levels left.
You knew the following spells:

 Your Spells              Type           Power      Damage    Failure   Level
a - Ozocubu's Armour      Ice            16%        N/A       36%         3
r - Frozen Ramparts       Ice            32%        1d5       36%         3

Your spell library contained the following spells:

 Spells                   Type           Power      Damage    Failure   Level
 Freeze                   Ice            64%        1d7       13%         1
 Blink                    Tloc           32%        N/A       21%         2
 Lesser Beckoning         Tloc           32%        N/A       21%         2
 Momentum Strike          Conj/Tloc      32%        3d8       21%         2
 Sublimation of Blood     Necr           16%        N/A       21%         2
 Hailstorm                Conj/Ice       16%        3d6       36%         3
 Petrify                  Alch/Erth      16%        N/A       78%         4
 Irradiate                Conj/Alch      8%         3d14      98%         5
 Metabolic Englaciation   Hex/Ice        8%         N/A       98%         5
 Sculpt Simulacrum        Ice/Alch       8%         N/A       100%        6


Dungeon Overview and Level Annotations

Branches:
Dungeon (7/15)             Temple (1/1) D:4           Sewer (visited)
 Bailey (1/1)

Altars:
Ashenzari
Cheibriados
Fedhas
Gozag
Hepliaklqana
Kikubaaqudgha
Makhleb
Okawaru
Sif Muna
Trog
Uskayaw
Vehumet
Wu Jian
Xom
Yredelemnul
Zin
The Shining One

Annotations:
D:4 3 runed translucent doors, schroeder's ghost, amateur GrFi


Innate Abilities, Weirdness & Mutations

You have very sharp teeth.
Your uncanny sense of smell can sniff out nearby items.
Your experience applies equally to all skills.


Message History

A wolf comes into view.
The gnoll bouda gazes fiercely through you!
You feel as though you will be weak longer.
The gnoll bouda gazes fiercely through you!
You feel as though you will be weak longer.
The gnoll bouda hits you but does no damage.
You block the wolf's attack.
The gnoll sergeant hits you but does no damage.
The wolf howls!
You hit the gnoll bouda but do no damage.
Your surroundings suddenly seem different.
A gnoll, a gnoll sergeant, a wolf and a gnoll bouda come into view.
The gnoll is wielding a +0 halberd and quivering a throwing net.
You hear a shout!
The wolf bites you.
* * * LOW HITPOINT WARNING * * *
The gnoll bouda hits you from afar with a +0 halberd.
* * * LOW HITPOINT WARNING * * *
The gnoll bouda barks out a call to the hunt!
The gnoll hits you but does no damage. The wolf closely misses you.
You block the gnoll's attack. The gnoll hits you but does no damage.
The gnoll barely misses you.
The gnoll sergeant hits you with a +0 halberd.
* * * LOW HITPOINT WARNING * * *
The gnoll bouda hits you from afar with a +0 halberd!
* * * LOW HITPOINT WARNING * * *
The gnoll bouda barks out a call to the hunt!
The gnoll closely misses you. You block the gnoll sergeant's attack.
You hear a howl!
It was a potion of ambrosia.
You are confused.
You feel invigorated. The wolf misses you. The wolf barely misses you.
The wolf completely misses you. The gnoll sergeant misses you.
The gnoll closely misses you. x2; The wolf bites you but does no damage. x2
The wolf barely misses you.
The gnoll sergeant hits you with a +0 halberd.
* * * LOW HITPOINT WARNING * * *
The gnoll bouda closely misses you. The gnoll sergeant barely misses you.
The gnoll hits you from afar with a +0 halberd!
You die...

≈..### . ##...≈♣ ≈..#∆
.. .##..≈♣ ≈..#∆ ...
..#..≈♣ ≈..#∆ #####gg
..#.)≈♣ ≈..# #...#
....#).≈♣
≈..######.....###'##g.≈♣
...'...#...$...#hgggh.≈♣
...'..gg...8..ghhggg.h≈♣
...'.g.#g..$...#@hggg.≈♣
≈..##### ..... ##g##..≈♣
≈..# ...# ..g.#..≈♣
≈..#∆ ###.....#..≈♣
≈gg#∆ ..g...#..≈♣ ≈gg#∆
.gg..##..≈♣ ≈..### ##
≈≈g..# ♣≈≈≈≈≈≈≈≈≈≈≈


You could see 4 gnoll sergeants, 6 wolves, 3 gnoll boudas and 6 gnolls.

Vanquished Creatures
  Menkaure (D:6)
  A naga (D:6)
  An ice beast (D:6)
  A black bear (D:3)
  2 ogres
  A crocodile (D:6)
  A wolf (Bailey)
  2 centaurs (D:6)
  A phantom (D:4)
  2 brain worms (Sewer)
  2 gnoll sergeants
  3 scorpions
  3 electric eels (D:4)
  An orc priest (D:3)
  3 hounds
  2 jellies
  2 iguanas
  A sleepcap (D:6)
  An orc wizard (D:5)
  9 gnolls
  9 adders
  4 river rats (Sewer)
  2 white imps (D:6)
  3 ufetubi (D:6)
  6 dart slugs
  3 ribbon worms
  14 orcs
  5 bats
  6 endoplasms
  4 giant cockroaches
  10 goblins
  4 hobgoblins
  3 jackals (D:2)
  4 quokkas
  8 ball pythons
  7 frilled lizards
  12 kobolds
  13 rats
157 creatures vanquished.

Vanquished Creatures (collateral kills)
  A hound (D:6)
  4 gnolls (D:5)
5 creatures vanquished.

Vanquished Creatures (others)
  A black bear (D:6)
1 creature vanquished.

Grand Total: 163 creatures vanquished

Notes
Turn   | Place    | Note
-------+----------+-------------------------------------------
     0 | D:1      | Majang the Gnoll Shapeshifter began the quest for the Orb.
     0 | D:1      | Reached XP level 1. HP: 17/17 MP: 1/1
    47 | D:1      | You fall into a shaft and drop 1 floor!
   246 | D:1      | Reached XP level 2. HP: 20/23 MP: 2/2
   475 | D:1      | Reached XP level 3. HP: 28/28 MP: 3/3
   672 | D:1      | Reached skill level 1 in Invocations
  1093 | D:2      | Reached skill level 1 in Short Blades
  1093 | D:2      | Reached skill level 1 in Long Blades
  1093 | D:2      | Reached skill level 1 in Axes
  1093 | D:2      | Reached skill level 1 in Maces & Flails
  1093 | D:2      | Reached skill level 1 in Polearms
  1093 | D:2      | Reached skill level 1 in Staves
  1093 | D:2      | Reached skill level 1 in Ranged Weapons
  1093 | D:2      | Reached skill level 1 in Throwing
  1093 | D:2      | Reached skill level 1 in Armour
  1093 | D:2      | Reached skill level 1 in Stealth
  1093 | D:2      | Reached skill level 1 in Shields
  1093 | D:2      | Reached skill level 1 in Spellcasting
  1093 | D:2      | Reached skill level 1 in Evocations
  1348 | D:2      | Reached XP level 4. HP: 34/34 MP: 5/5
  1674 | D:3      | Reached skill level 1 in Conjurations
  1674 | D:3      | Reached skill level 1 in Hexes
  1674 | D:3      | Reached skill level 1 in Summonings
  1674 | D:3      | Reached skill level 1 in Necromancy
  1674 | D:3      | Reached skill level 1 in Translocations
  1674 | D:3      | Reached skill level 1 in Fire Magic
  1674 | D:3      | Reached skill level 1 in Ice Magic
  1674 | D:3      | Reached skill level 1 in Air Magic
  1674 | D:3      | Reached skill level 1 in Earth Magic
  1674 | D:3      | Reached skill level 1 in Alchemy
  1728 | D:3      | Noticed a black bear
  1751 | D:3      | Killed a black bear
  1752 | D:3      | Reached XP level 5. HP: 8/41 MP: 5/7
  2205 | D:3      | Found a basalt altar of Yredelemnul.
  2375 | D:3      | Reached XP level 6. HP: 41/47 MP: 8/8
  2708 | D:4      | Noticed schroeder's ghost (amateur GrFi)
  2721 | D:4      | Found a staircase to the Ecumenical Temple.
  2726 | Temple   | Entered the Ecumenical Temple
  2740 | Temple   | Reached skill level 5 in Dodging
  3020 | D:4      | Found a transporter.
  3122 | D:4      | Found a runed translucent gate.
  3308 | D:4      | Found a runed translucent gate.
  3309 | D:4      | Found a runed translucent gate.
  3537 | D:4      | Reached XP level 7. HP: 46/52 MP: 10/10
  3566 | D:4      | Found a transporter.
  3846 | D:5      | Entered Level 5 of the Dungeon
  4342 | D:5      | Reached XP level 8. HP: 22/60 MP: 13/13
  4667 | D:5      | Found an iron altar of Okawaru.
  4895 | D:5      | Learned a level 3 spell: Frozen Ramparts
  4899 | D:5      | Learned a level 3 spell: Ozocubu's Armour
  5150 | D:6      | Noticed Maggie
  5154 | D:6      | Maggie changed into Maggie the crocodile
  5154 | D:6      | Noticed Maggie
  5161 | D:6      | Killed Maggie the crocodile
  5310 | D:6      | Noticed Menkaure
  5322 | D:6      | Killed Menkaure
  5534 | D:6      | Found a glowing drain.
  5569 | Sewer    | Entered a sewer
  5783 | Sewer    | Reached skill level 5 in Spellcasting
  6202 | D:6      | Reached XP level 9. HP: 61/66 MP: 16/16
  6314 | D:6      | Found a snail-covered altar of Cheibriados.
  6326 | D:6      | Became a worshipper of Cheibriados the Contemplative
  6509 | D:6      | Reached skill level 5 in Fighting
  6844 | D:7      | Found a flagged portal.
  6865 | Bailey   | Entered a bailey
  7222 | Bailey   | HP: 3/68 [gnoll bouda/+0 halberd (10)]
  7223 | Bailey   | Slain by a gnoll

Illustrated notes

Levels and vault maps discovered:
D:1:      dpeg_cavernosity, layout_basic
D:2:      layout_basic, corexii_leaking_fountain
D:3:      layout_loops_ring, mainiacjoe_overflow_concentric_impassable
D:4:      gammafunk_steamed_eel, layout_loops_ring, minmay_temple_entry_tees,
          gammafunk_ghost_split
D:5:      layout_basic, hellmonk_okawaru_the_only_friend_you_need
D:6:      layout_loops_ring, kennysheep_slug_shrine, portal_sewer_entry_f,
          kennysheep_generic_room_10, uniq_menkaure, uniq_maggie
D:7:      layout_loops_ring, nicolae_dithmenos_the_darkroom,
          grunt_qazlal_sundering, grunt_temple_overflow_diamond, enter_bailey_3,
          minivault_27, uniq_maurice, uniq_duvessa, uniq_jeremiah
Temple:   zaba_magenta_temple
Bailey:   bailey_polearm_gnolls_kennysheep, bailey

Skill      XL: |  1  2  3  4  5  6  7  8  9 |
---------------+----------------------------+-----
Invocations    | 1 2 3 4 |  4.8
Short Blades   | 1 2 3 4 |  4.3
Long Blades    | 1 2 3 4 |  4.3
Axes           | 1 2 3 4 |  4.3
Maces & Flails | 1 2 3 4 |  4.3
Polearms       | 1 2 3 4 |  4.3
Staves         | 1 2 3 4 |  4.3
Ranged Weapons | 1 2 3 4 |  4.3
Throwing       | 1 2 3 4 |  4.3
Armour         | 1 2 3 4 |  4.3
Stealth        | 1 2 3 4 |  4.3
Shields        | 1 2 3 4 |  4.3
Spellcasting   | 1 2 3 5 |  5.9
Evocations     | 1 2 3 4 |  4.3
Conjurations   | 1 2 3 |  3.5
Hexes          | 1 2 3 |  3.5
Summonings     | 1 2 3 |  3.5
Necromancy     | 1 2 3 |  3.5
Translocations | 1 2 3 |  3.5
Fire Magic     | 1 2 3 |  3.5
Ice Magic      | 1 2 3 |  3.5
Air Magic      | 1 2 3 |  3.5
Earth Magic    | 1 2 3 |  3.5
Alchemy        | 1 2 3 |  3.5
Fighting       | 3 4 5 |  5.1
Dodging        | 5 6 |  6.4
Unarmed Combat | 7 |  7.9
Shapeshifting  | 7 |  7.7

Action                     |  1- 3 |  4- 6 |  7- 9 || total
---------------------------+-------+-------+-------++-------
  Melee: Unarmed           |    37 |       |   147 ||   184
         Punch             |     6 |     8 |     7 ||    21
         Bite              |    11 |    22 |    33 ||    66
         Spear             |    66 |    32 |       ||    98
         Short sword       |    35 |       |       ||    35
         Whip              |       |   125 |   107 ||   232
         Long sword        |       |       |    32 ||    32
   Fire: Sling             |       |     1 |    14 ||    15
  Throw: Boomerang         |       |     2 |     3 ||     5
   Cast: Frozen Ramparts   |       |       |    15 ||    15
         Ozocubu's Armour  |       |       |     9 ||     9
  Evoke: Wand              |       |     3 |    16 ||    19
    Use: Potion            |       |     1 |     4 ||     5
         Scroll            |       |     1 |    13 ||    14
   Stab: Distracted        |       |       |     1 ||     1
 Armour: Plate armour      |   132 |   147 |    81 ||   360
         Skin              |       |    25 |    39 ||    64
         Swamp dragon scal |       |       |    60 ||    60
  Dodge: Dodged            |    27 |    24 |   197 ||   248
  Block: Kite shield       |       |       |    54 ||    54
         Form:             |     1 |       |     2 ||     3
         Flux              |     1 |       |     1 ||     2
         Beast             |       |       |     1 ||     1
